 Dungeon Crawl Stone Soup version 0.29-a0-23-ga79f92ac9c (webtiles) character file.

Game seed: 14962839677728693827

61720 Grim the Unseen (level 15, -2/103 HPs)
             Began as a Kobold Brigand on Jan 29, 2022.
             Was an Elder of Dithmenos.
             Slain by Agnes (4 damage)
             ... on level 13 of the Dungeon on Jan 30, 2022.
             The game lasted 01:28:38 (33706 turns).

Grim the Unseen (Kobold Brigand)                   Turns: 33706, Time: 01:28:39

Health: -2/103     AC: 18    Str: 10    XL:     15   Next: 43%
Magic:  19/19      EV: 23    Int: 16    God:    Dithmenos [****..]
Gold:   2569       SH:  0    Dex: 19    Spells: 14/14 levels left

rFire   . . .      SeeInvis .   b - +4 quick blade
rCold   . . .      Faith    .   T - +2 buckler
rNeg    . . .      Spirit   .   O - quicksilver dragon scales
rPois   +          Reflect  .   k - +2 hat
rElec   .          Harm     .   P - scarf {shadows}
rCorr   .          Rampage  .   Z - +0 pair of gloves
Will    ++...                   J - +0 pair of boots
Stlth   ++++......              (no amulet)
HPRegen 0.27/turn               U - +4 ring of evasion
MPRegen 0.16/turn               M - ring of poison resistance

@: confused, ambrosia-drunk, wreathed by umbra
A: small, no large weapons, nightstalker 3
a: Renounce Religion, Shadow Step


You were on level 13 of the Dungeon.
You worshipped Dithmenos.
Dithmenos was greatly pleased with you.
You visited 3 branches of the dungeon, and saw 21 of its levels.
You also visited: Sewer and Ice Cave.

You collected 2569 gold pieces.

Inventory:

Hand Weapons
 b - a +4 quick blade (weapon)
 e - a +0 rapier
Missiles
 d - 24 poisoned darts (quivered)
 i - 15 boomerangs
 l - a curare-tipped dart
 W - 5 silver boomerangs
Armour
 c - the +3 chain mail "Must" {+Blink rPois Str-2}
   (You found it on level 9 of the Dungeon)

   Str:       It affects your strength (-2).
   rPois:     It protects you from poison.
   +Blink:    It lets you blink.
 k - a +2 hat (worn)
 J - a +0 pair of boots (worn)
 O - quicksilver dragon scales (worn)
 P - a scarf of shadows (worn)
 T - a +2 buckler (worn)
 V - a scarf of repulsion
 Z - a +0 pair of gloves (worn)
Jewellery
 a - an amulet of guardian spirit
 t - an amulet of faith
 w - an amulet of reflection
 L - a ring of resist corrosion
 M - a ring of poison resistance (right hand)
 R - a ring of protection from fire
 U - a +4 ring of evasion (left hand)
Wands
 h - a wand of flame (5)
 K - a wand of polymorph (20)
 Y - a wand of digging (5)
Scrolls
 f - 2 scrolls of fear
 g - 2 scrolls of summoning {unknown}
 j - a scroll of holy word {unknown}
 n - 2 scrolls of vulnerability {unknown}
 s - 5 scrolls of magic mapping
 u - 4 scrolls of enchant armour {unknown}
 y - 2 scrolls of enchant weapon {unknown}
 B - 3 scrolls of noise {unknown}
 C - a scroll of torment {unknown}
 D - 3 scrolls of blinking {unknown}
 G - 3 scrolls of amnesia
 I - 4 scrolls of fog {unknown}
 N - a scroll of brand weapon {unknown}
 Q - a scroll of silence {unknown}
 S - 4 scrolls of immolation {unknown}
Potions
 m - 3 potions of cancellation
 o - 3 potions of haste {unknown}
 p - 3 potions of brilliance
 q - 3 potions of curing
 v - 3 potions of flight
 x - 3 potions of magic
 z - 2 potions of attraction {unknown}
 A - 2 potions of ambrosia
 F - 3 potions of might {unknown}
 H - 2 potions of mutation {unknown}
 X - a potion of resistance {unknown}
Miscellaneous
 r - a box of beasts (inert)
 E - a phial of floods (inert)


   Skills:
 - Level 15.3 Fighting
 - Level 8.0 Short Blades
 - Level 7.1 Throwing
 * Level 10.1 Armour
 - Level 11.2 Dodging
 - Level 18.1 Stealth
 - Level 6.0 Invocations
 - Level 11.5 Evocations


You had 14 spell levels left.
You didn't know any spells.
Your spell library contained the following spells:

 Spells                   Type           Power      Damage    Failure   Level
 Animate Skeleton         Necr           0%         N/A       63%         1
 Apportation              Tloc           0%         N/A       63%         1
 Freeze                   Ice            0%         1d3       63%         1
 Pain                     Necr           0%         1d4       63%         1
 Frozen Ramparts          Ice            0%         1d2       94%         3
 Tukima's Dance           Hex            0%         N/A       94%         3
 Vampiric Draining        Necr           0%         2d6       94%         3
 Airstrike                Air            0%         N/A       100%        4
 Anguish                  Hex/Necr       0%         N/A       100%        4
 Hailstorm                Conj/Ice       0%         3d3       100%        4
 Passage of Golubria      Tloc           0%         N/A       100%        4
 Petrify                  Tmut/Erth      0%         N/A       100%        4
 Summon Lightning Spire   Summ/Air       0%         N/A       100%        4
 Alistair's Intoxication  Tmut/Pois      0%         N/A       100%        5
 Lightning Bolt           Conj/Air       0%         1d11      100%        5
 Metabolic Englaciation   Hex/Ice        0%         N/A       100%        5
 Summon Forest            Summ/Tloc      0%         N/A       100%        5
 Summon Mana Viper        Hex/Summ       0%         N/A       100%        5
 Yara's Violent Unravell  Hex/Tmut       0%         3d3       100%        5
 Statue Form              Tmut/Erth      0%         N/A       100%        6
 Summon Cactus Giant      Summ           0%         N/A       100%        6
 Enfeeble                 Hex            0%         N/A       100%        7


Dungeon Overview and Level Annotations

Branches:
Dungeon (14/15)            Temple (1/1) D:4            Lair (6/6) D:9
 Shoals (0/4) Lair:3        Snake (0/4) Lair:3        Slime (0/5) Lair:5
    Orc (0/2) D:10          Sewer (visited)           IceCv (visited)
 Vaults: D:13-14

Altars:
Ashenzari
Cheibriados
Dithmenos
Elyvilon
Fedhas
Gozag
Hepliaklqana
Kikubaaqudgha
Makhleb
Nemelex Xobeh
Okawaru
Qazlal
Ru
Sif Muna
Trog
Uskayaw
Vehumet
Wu Jian
Xom
Yredelemnul
Zin
The Shining One
Jiyva

Shops:
D:4 *   D:10 ([

Annotations:
D:3 1 runed translucent door
D:13 Agnes
Lair:2 3 runed translucent doors, Cam Moxe's ghost, journeyman OgHu


Innate Abilities, Weirdness & Mutations

You are small and have problems with some larger weapons.
You are completely attuned to the shadows.


Message History

Okay, then.
Agnes hits you with a +0 lajatang of pain!!
You writhe in agony.
Agnes misses you. Agnes hits you but does no damage.
You writhe in agony.
There is a stone staircase leading up here.
Agnes hits you with a +0 lajatang of pain!!
* * * LOW HITPOINT WARNING * * *
You writhe in agony.
* * * LOW HITPOINT WARNING * * *
You climb upwards.
There is a stone staircase leading down here.
Okay, then.
Really put on
t - an amulet of faith?
Agnes hits you with a +0 lajatang of pain!
Keep disrobing?
* * * LOW HITPOINT WARNING * * *
You writhe in agony.
* * * LOW HITPOINT WARNING * * *
Agnes misses you.
You start removing your amulet.
You continue taking off your amulet of reflection.
Agnes misses you. Agnes barely misses you.
You continue taking off your amulet of reflection.
You block Agnes's attack. Agnes barely misses you.
You continue taking off your amulet of reflection.
You block Agnes's attack.
Agnes says, "You will find the Path of Peace easy to follow, in death."
Agnes hits you with a +0 lajatang of pain!!
* * * LOW HITPOINT WARNING * * *
You continue taking off your amulet of reflection.
Agnes completely misses you.
You finish taking off your amulet of reflection.
It was a potion of ambrosia.
You are confused.
You feel invigorated. Agnes completely misses you.
Agnes hits you with a +0 lajatang of pain.
* * * LOW HITPOINT WARNING * * *
You writhe in agony.
You die...

.......###..................###..
........>.........##....##### #..
....#...###..............## #..
..#.(.#.###...............## ##.
.####....##................# ##
..###..#..#................### #
........#...#................####
...##............i.........#....(
.....#...#..#...@..........##.†##
.#..........#.............##.....
.#........^...#...........##.....
.#..##.........<...######........
............##..##......#..#...##
##...........#.#####.........#...
#...............................
##............###..###.#####....
##..........#...................


You could see Agnes.

Vanquished Creatures
  A very ugly thing (D:12)
  A dire elephant (Lair:6)
  Fannar (D:12)
  3 hydras
  A jorogumo (shapeshifter) (D:13)
  4 centaur warriors (D:13)
  An anaconda (shapeshifter) (D:13)
  4 two-headed ogres
  5 death yaks
  Urug (Lair:5)
  2 spectral death yaks (Lair:6)
  Sonja (D:11)
  3 deep trolls (D:9)
  An obsidian statue (Lair:6)
  Pikel (D:4)
  A spectral anaconda (Lair:6)
  2 deep elf pyromancers (D:13)
  2 necromancers (Lair:6)
  2 ugly things
  A manticore (D:13)
  2 cyclopes (D:13)
  23 elephants
  7 black mambas
  A moth of wrath (shapeshifter) (D:13)
  A dire elephant zombie (Lair:6)
  A cane toad (shapeshifter) (D:13)
  A kobold demonologist (D:13)
  2 rime drakes
  A gargoyle (D:12)
  14 cane toads
  2 efreet
  An unseen horror (D:13)
  An ice devil (D:11)
  8 komodo dragons
  A merfolk (Lair:3)
  10 trolls
  3 polar bears
  8 blink frogs
  Sigmund (D:2)
  2 vampires (D:13)
  3 wyverns
  4 wraiths
  32 yaks
  2 humans
  Eustachio (D:4)
  3 basilisks
  11 vampire mosquitoes
  2 death yak simulacra (Lair:6)
  A spectral cane toad (Lair:6)
  4 nagas
  2 acid dragons
  12 water moccasins
  4 orc warriors
  2 elephant zombies (Lair:6)
  2 ice beasts (D:5)
  A sky beast (D:6)
  A black bear (D:7)
  3 ogres
  8 wolves
  19 centaurs
  4 kobold brigands
  9 bullfrogs
  A gnoll sergeant (D:10)
  2 scorpions (D:6)
  A wyvern zombie (D:6)
  A cane toad simulacrum (Lair:6)
  A water moccasin skeleton (D:4)
  An elephant simulacrum (Lair:6)
  8 wights
  5 electric eels
  3 howler monkeys
  3 centaur zombies
  8 orc priests
  6 hounds
  5 iguanas
  6 orc wizards
  Terence (D:3)
  A spriggan simulacrum (IceCv)
  A killer bee zombie (D:8)
  A hound skeleton (D:4)
  A howler monkey zombie (D:6)
  4 gnolls
  11 adders
  A river rat (D:5)
  14 white imps
  An ufetubus (D:7)
  An adder skeleton (D:4)
  8 worms
  45 orcs
  10 ball pythons
  4 bats
  6 endoplasms
  4 giant cockroaches
  6 goblins
  7 hobgoblins
  7 jackals
  2 quokkas
  4 frilled lizards
  18 kobolds
  6 rats
473 creatures vanquished.

Vanquished Creatures (others)
  A bush (D:9)
  66 fungi
  80 plants
  25 withered plants (Lair:6)
172 creatures vanquished.

Grand Total: 645 creatures vanquished

Notes
Turn   | Place    | Note
-------+----------+-------------------------------------------
     0 | D:1      | Grim the Kobold Brigand began the quest for the Orb.
     0 | D:1      | Reached XP level 1. HP: 12/12 MP: 1/1
    61 | D:1      | Reached XP level 2. HP: 11/17 MP: 2/2
   592 | D:1      | Reached XP level 3. HP: 18/21 MP: 3/3
   650 | D:1      | Found a faded altar of an unknown god.
  1533 | D:2      | Noticed Sigmund
  1539 | D:2      | Killed Sigmund
  1540 | D:2      | Reached skill level 5 in Short Blades
  1540 | D:2      | Reached XP level 4. HP: 5/26 MP: 4/4
  1540 | D:2      | Reached XP level 5. HP: 6/30 MP: 5/5
  1540 | D:2      | Reached XP level 6. HP: 7/35 MP: 6/6
  2042 | D:2      | Found a radiant altar of Vehumet.
  2201 | D:2      | Reached skill level 5 in Throwing
  2638 | D:3      | Found a runed translucent door.
  2688 | D:3      | Found a sacrificial altar of Ru.
  2781 | D:3      | Noticed Terence
  2784 | D:3      | Killed Terence
  3081 | D:4      | Found a staircase to the Ecumenical Temple.
  3099 | Temple   | Entered the Ecumenical Temple
  3565 | D:4      | Noticed Pikel
  3620 | D:4      | Reached skill level 6 in Stealth
  3620 | D:4      | Reached XP level 7. HP: 14/40 MP: 7/7
  4226 | D:4      | Noticed Eustachio
  4235 | D:4      | Found a shadowy altar of Dithmenos.
  4241 | D:4      | Killed Eustachio
  4242 | D:4      | Reached skill level 7 in Stealth
  4255 | D:4      | Became a worshipper of Dithmenos the Shadowed
  5188 | D:4      | Reached * piety under Dithmenos
  5189 | D:4      | Reached XP level 8. HP: 39/44 MP: 8/8
  5349 | D:4      | Reached skill level 8 in Stealth
  5774 | D:4      | Killed Pikel
  5775 | D:4      | Reached skill level 5 in Dodging
  5775 | D:4      | Reached skill level 9 in Stealth
  5993 | D:4      | Found Ebext's Lightly-Used Armoury.
  6186 | D:4      | Found a burning altar of Makhleb.
  6228 | D:5      | Entered Level 5 of the Dungeon
  6345 | D:5      | Reached XP level 9. HP: 48/48 MP: 9/9
  6640 | D:5      | Found a hide-covered altar of Uskayaw.
  6642 | D:5      | Reached skill level 10 in Stealth
  6727 | D:5      | Found a glowing drain.
  6770 | Sewer    | Entered a sewer
  6987 | Sewer    | Reached ** piety under Dithmenos
  7690 | D:5      | Identified the +5 ring mail "Waiwemui" {Will- Str+5 Int-2
                  | Dex+9}
  8440 | D:6      | Reached skill level 11 in Stealth
  9093 | D:7      | Found a white marble altar of Elyvilon.
  9138 | D:7      | Reached XP level 10. HP: 53/53 MP: 10/10
  9701 | D:8      | Reached skill level 10 in Dodging
  9715 | D:8      | Reached *** piety under Dithmenos
  9729 | D:8      | Reached skill level 12 in Stealth
 10478 | D:9      | Identified the +6 flail "Remi" {vorpal, *Noise rF+ Will+
                  | Int+2}
 10624 | D:9      | Found an iron altar of Okawaru.
 10711 | D:8      | HP: 1/56 [human (6)]
 10948 | D:9      | Noticed a two-headed ogre
 10953 | D:9      | Killed a two-headed ogre
 10954 | D:9      | Reached skill level 13 in Stealth
 11033 | D:9      | Reached skill level 5 in Fighting
 11254 | D:9      | Reached XP level 11. HP: 64/64 MP: 11/11
 11686 | D:9      | Identified 4 scrolls of acquirement
 11696 | D:9      | Acquired a +4 quick blade
 11697 | D:9      | Acquired a manual of Fighting
 11698 | D:9      | Acquired 736 gold pieces
 11699 | D:9      | Acquired 588 gold pieces
 11809 | D:9      | Identified the +3 chain mail "Must" {+Blink rPois Str-2}
 11874 | D:9      | Found a staircase to the Lair.
 12173 | D:9      | Reached skill level 14 in Stealth
 12404 | D:9      | Noticed a deep troll
 12557 | D:9      | Noticed a deep troll
 12559 | D:9      | Killed a deep troll
 12560 | D:9      | Reached skill level 10 in Fighting
 12595 | D:9      | Killed a deep troll
 12678 | D:9      | Reached **** piety under Dithmenos
 12686 | D:9      | Noticed a deep troll
 12810 | D:9      | Killed a deep troll
 12830 | D:9      | Reached skill level 15 in Stealth
 13518 | D:10     | Entered Level 10 of the Dungeon
 13528 | D:10     | Found a broken altar of Ashenzari.
 13623 | D:10     | Found an opulent altar of Gozag.
 13760 | D:10     | Found a blossoming altar of Fedhas.
 13769 | D:10     | Found a glowing silver altar of Zin.
 13800 | D:10     | Found Vefogre's Armour Emporium.
 13800 | D:10     | Noticed a two-headed ogre
 13803 | D:10     | Killed a two-headed ogre
 13953 | D:10     | Found a staircase to the Orcish Mines.
 13955 | D:10     | Reached XP level 12. HP: 82/82 MP: 12/12
 14190 | D:10     | Found a hazy altar of Hepliaklqana.
 14193 | D:10     | Found a basalt altar of Yredelemnul.
 14343 | D:10     | Found Huemaxt's Weapon Emporium.
 14789 | D:10     | Found an ornate altar of the Wu Jian Council.
 14980 | D:11     | Found a frozen archway.
 15268 | IceCv    | Entered an ice cave
 16002 | D:11     | Reached skill level 16 in Stealth
 16076 | D:11     | Reached skill level 15 in Fighting
 17058 | D:11     | Noticed a two-headed ogre
 17061 | D:11     | Killed a two-headed ogre
 17282 | D:12     | Noticed Fannar
 17285 | D:12     | Killed Fannar
 17286 | D:12     | Reached skill level 1 in Armour
 17347 | D:12     | Noticed Sonja
 17357 | D:11     | Killed Sonja
 18201 | D:12     | Reached skill level 5 in Evocations
 18430 | D:13     | Noticed a green very ugly thing
 18461 | D:12     | Killed a white very ugly thing
 18462 | D:12     | Reached XP level 13. HP: 65/92 MP: 13/13
 19264 | Lair:1   | Entered Level 1 of the Lair of Beasts
 20004 | Lair:1   | You fall into a shaft and drop 1 floor!
 20006 | Lair:2   | Found a runed translucent gate.
 20008 | Lair:2   | Found a runed translucent gate.
 20097 | Lair:2   | Found a runed translucent gate.
 20529 | Lair:2   | Reached skill level 10 in Evocations
 21172 | Lair:1   | Upgraded the game from 0.29-a0-19-gef7f3e67aa to
                  | 0.29-a0-23-ga79f92ac9c
 22220 | Lair:2   | Noticed a six-headed hydra
 22801 | Lair:2   | Noticed Cam Moxe's ghost (journeyman OgHu)
 22827 | Lair:2   | Killed a six-headed hydra
 24418 | Lair:3   | Found a staircase to the Snake Pit.
 24914 | Lair:3   | Found a staircase to the Shoals.
 25078 | Lair:3   | Reached ***** piety under Dithmenos
 25079 | Lair:3   | Reached skill level 5 in Armour
 25079 | Lair:3   | Reached XP level 14. HP: 98/98 MP: 14/14
 25539 | Lair:3   | Reached skill level 1 in Invocations
 27100 | Lair:5   | Found a staircase to the Slime Pits.
 27100 | Lair:5   | Found a viscous altar of Jiyva.
 27107 | Lair:5   | Noticed Urug
 27110 | Lair:5   | Killed Urug
 27111 | Lair:5   | Reached skill level 17 in Stealth
 27954 | Lair:6   | Entered Level 6 of the Lair of Beasts
 29606 | Lair:6   | Reached skill level 5 in Invocations
 29868 | Lair:6   | Noticed a dire elephant
 29868 | Lair:6   | Noticed a dire elephant
 29868 | Lair:6   | Noticed a dire elephant
 29868 | Lair:6   | Noticed a dire elephant
 30514 | Lair:6   | Reached XP level 15. HP: 97/103 MP: 15/19
 30618 | Lair:6   | Reached skill level 18 in Stealth
 33330 | D:13     | Reached skill level 10 in Armour
 33689 | D:14     | Noticed Agnes
 33704 | D:13     | HP: 2/103 [Agnes (27)]
 33706 | D:13     | Slain by Agnes

Illustrated notes

Levels and vault maps discovered:
D:1:      psy_arrival_radial02, layout_basic, basic_ecumenical_altar,
          nicolae_concentric_dashed_squares_wild, glass_columns_a
D:2:      layout_basic, basic_altar, minmay_pentomino_z2, uniq_sigmund
D:3:      layout_basic, nicolae_ru_path_of_blood, ebering_ghost_sewer_d,
          uniq_terence
D:4:      layout_gridville, mainiacjoe_overflow_boulevard,
          makhleb_heckhound_becter, minmay_temple_entry_mist,
          grunt_decor_one_mirror, minmay_misc_feat_tiny, minmay_shop_damaged,
          st_stairs_14, uniq_eustachio, uniq_pikel
D:5:      layout_basic, nicolae_uskayaw_murder_on_the_dancefloor,
          portal_sewer_entry_a
D:6:      layout_rooms, dk_rats_in_the_wall
D:7:      layout_basic, nicolae_elyvilon_temple_path
D:8:      layout_rooms
D:9:      lemuel_troll_bridge, layout_rooms, okawaru_humans,
          minmay_lair_entry_grove, serial_rivers, chequers_serial_rivers_room_b,
          chequers_serial_rivers_large_b, chequers_serial_rivers_room_a,
          chequers_serial_rivers_micro_c, chequers_serial_rivers_small_b,
          serial_bayou_pond_d
D:10:     nicolae_whirlpool, layout_irregular_city, general_overflow_altar,
          mainiacjoe_overflow_24_doors, amethyst_overflow_temple_binary,
          grunt_temple_overflow_open, orc_david_3
D:11:     layout_grid_maze, portal_ice_cave_entry_imps
D:12:     layout_rooms, uniq_sonja, uniq_fannar
D:13:     layout_rooms, onia_ninara_cookie
D:14:     layout_basic, hangedman_vaults_entry_quadrant_bands,
          chequers_arboretum, uniq_agnes
Temple:   compressed_dpeg_triangle_lava_temple
Lair:1:   layout_loops_ring
Lair:2:   layout_regular_city, gammafunk_ghost_ooze
Lair:3:   layout_hall_layers, elwin_shoals_entry_rooms,
          minmay_snake_entry_guardpost_large
Lair:4:   layout_hall_layers, grunt_megastairs_4
Lair:5:   layout_loops_ring, slime_altar_1, lemuel_fruit_fields,
          infiniplex_staircase_pool, uniq_urug
Lair:6:   due_jungle_book, layout_small_grid

Skill      XL: |  1  2  3  4  5  6  7  8  9 10 11 12 13 14 15 |
---------------+----------------------------------------------+-----
Short Blades   | 3 5 6 8 |  8.0
Throwing       | 3 4 5 6 7 |  7.1
Stealth        | 6 7 9 11 13 15 16 17 18 | 18.1
Dodging        | 5 9 11 | 11.2
Fighting       | 5 12 15 | 15.3
Armour         | 2 5 8 10 | 10.1
Evocations     | 6 11 | 11.5
Invocations    | 5 6 |  6.0

Action                   |  1- 3 |  4- 6 |  7- 9 | 10-12 | 13-15 || total
-------------------------+-------+-------+-------+-------+-------++-------
Melee: Dagger            |    82 |   119 |   169 |       |       ||   370
       Rapier            |       |       |   308 |   280 |       ||   588
       Punch             |       |       |     8 |     3 |       ||    11
       Quick blade       |       |       |       |   655 |  1706 ||  2361
Throw: Dart              |     3 |     6 |    40 |    40 |    91 ||   180
       Boomerang         |       |       |     1 |     2 |     9 ||    12
Invok: Shadow Step       |       |       |       |     4 |     7 ||    11
 Abil: Evoke Blink       |       |       |       |       |     1 ||     1
Evoke: Wand              |       |       |     8 |    19 |    40 ||    67
       Phial of floods   |       |       |       |     1 |     2 ||     3
       Box of beasts     |       |       |       |       |     2 ||     2
  Use: Scroll            |       |       |     1 |    16 |     8 ||    25
       Potion            |       |       |       |     6 |     7 ||    13
 Stab: Sleeping          |     9 |    16 |    32 |    54 |    61 ||   172
       Distracted        |       |       |     2 |     5 |     9 ||    16
       Invisible         |       |       |       |     2 |       ||     2
       Paralysed         |       |       |       |     1 |     4 ||     5
Armor: Robe              |    24 |    12 |    54 |       |       ||    90
       Quicksilver drago |       |       |       |    96 |   175 ||   271
Dodge: Dodged            |    54 |    50 |   336 |   387 |   545 ||  1372
Block: Other             |       |     5 |   101 |    18 |       ||   124
       Reflection        |       |       |     1 |     9 |    11 ||    21
       Buckler           |       |       |       |   302 |   461 ||   763

Table legend: (Time is in decaauts)
 A = Elapsed time spent in this place.
 B = Non-inter-level travel time spent in this place.
 C = Inter-level travel time spent in this place.
 D = Time resting spent in this place.
 E = Time spent auto-exploring this place.
 F = Levels seen in this place.
 G = Mean time per level.
                   A        B        C        D        E       F      G
               +--------+--------+--------+--------+--------+-----+--------+
         Total |  32388 |  31456 |    932 |   8866 |  17033 |  23 | 1408.2 |
       Dungeon |  19983 |  19487 |    496 |   5545 |  10379 |  14 | 1427.4 |
        Temple |    323 |    303 |     20 |      0 |    294 |   1 |  323.0 |
          Lair |  11227 |  10812 |    415 |   3164 |   5859 |   6 | 1871.2 |
         Sewer |    716 |    716 |      0 |     60 |    494 |   1 |  716.0 |
      Ice Cave |    136 |    136 |      0 |     97 |      7 |   1 |  136.0 |
               +--------+--------+--------+--------+--------+-----+--------+

Top non-repeatable levels by time:
     D:9: 3030 daAuts
  Lair:6: 2859 daAuts
    D:11: 2810 daAuts
  Lair:2: 2361 daAuts
     D:4: 2127 daAuts
  Lair:1: 2097 daAuts
    D:13: 1965 daAuts
    D:10: 1663 daAuts
  Lair:4: 1571 daAuts
     D:1: 1483 daAuts
     D:3: 1433 daAuts
  Lair:3: 1422 daAuts
     D:5: 1188 daAuts
    D:12: 1091 daAuts
     D:7: 956 daAuts
